 Dungeon Crawl Stone Soup version 0.19.0-24-gb05acd6 (webtiles) character file.

107 Ijustatesigmund the Skirmisher (level 4, -5/42 HPs)
             Began as a Minotaur Monk on Nov 21, 2016.
             Slain by Sigmund
             ... wielding a +1 scythe of slicing
              (12 damage)
             ... on level 2 of the Dungeon.
             The game lasted 00:02:46 (844 turns).

Ijustatesigmund the Skirmisher (Minotaur Monk)       Turns: 844, Time: 00:02:48

Health: -5/42      AC:  5    Str: 15    XL:     4   Next: 57%
Magic:  3/3        EV: 12    Int:  8    God:
Gold:   79         SH:  0    Dex: 13    Spells: 0 memorised, 3 levels left

rFire  . . .     SeeInvis .     a - +0 hand axe
rCold  . . .     Gourm    .     d - +0 ring mail
rNeg   . . .     Faith    .     (no shield)
rPois  .         Spirit   .     (helmet restricted)
rElec  .         Reflect  .     (no cloak)
rCorr  .         Harm     .     (no gloves)
MR     .....     Rnd*Tele +     (no boots)
Stlth  +.........               (no amulet)
                                (no ring)
                                g - ring of teleportation (curse)

@: slowed, very slow
A: retaliatory headbutt, horns 2
a: no special abilities


You were on level 2 of the Dungeon.
You were not hungry.

You visited 1 branch of the dungeon, and saw 2 of its levels.

You collected 79 gold pieces.

Inventory:

Hand Weapons
 a - a +0 hand axe (weapon)
Armour
 d - a +0 ring mail (worn)
Jewellery
 g - a cursed ring of teleportation (left hand)
 k - an uncursed ring of protection from cold {unknown}
Scrolls
 b - a scroll of immolation
 i - 2 scrolls of identify
 m - a scroll of teleportation
Potions
 e - a potion of flight
 f - a potion of curing
 j - a potion of magic
 l - a potion of brilliance {unknown}
Comestibles
 c - 3 bread rations
 h - a meat ration
 n - a slice of pizza


   Skills:
 + Level 5.2 Fighting
 + Level 5.2 Axes
 - Level 3.2 Dodging
 - Level 1.5 Stealth


You had 3 spell levels left.
You didn't know any spells.

Dungeon Overview and Level Annotations

Branches:
Dungeon (2/15)

Altars:

Annotations:
D:2 Sigmund


Innate Abilities, Weirdness & Mutations

You reflexively headbutt those who attack you in melee.
You have a pair of horns on your head.


Message History

You closely miss Sigmund.
Sigmund is moderately wounded.
Sigmund zaps a wand.
You feel yourself slow down.
You barely miss Sigmund. You headbutt Sigmund.
Sigmund is heavily wounded.
Sigmund misses you.
Okay, then.
You closely miss Sigmund. You headbutt Sigmund, but do no damage.
Sigmund is heavily wounded.
Sigmund barely misses you.
You hit Sigmund.
Sigmund is heavily wounded.
Sigmund hits you with a scythe of slicing!
You hit Sigmund. You headbutt Sigmund!
Sigmund is almost dead.
Sigmund points at you and mumbles some strange words.
The magic dart hits you!
* * * LOW HITPOINT WARNING * * *
Sigmund hits you with a scythe of slicing!
You die...

,8*,* *,* ,,***
*,* ,8* *,* ,,*
*,* ,8* ###*****,*
,,* #..,,,,,,* ,8*
#.#******* ,,*
####### #@# ##*
#.....# #@# .#
#.###.######.# .#
#.#..........#
.####.#.#..#..####
).........#_#.#
.#######...#..# .#
#......# .#
#.....## .#
#######


You could see Sigmund.

Vanquished Creatures
  Jessica (D:2)
  Terence (D:2)
  Robin (D:2)
  An ooze (D:1)
  A dart slug (D:1)
  2 giant cockroaches
  11 goblins
  7 hobgoblins
  3 jackals (D:1)
  3 kobolds
  A quokka (D:2)
  2 bats (D:1)
  2 frilled lizards
  2 rats (D:1)
38 creatures vanquished.

Notes
Turn   | Place    | Note
-------+----------+-------------------------------------------
     0 | D:1      | Ijustatesigmund the Minotaur Monk began the quest for the Orb.
     0 | D:1      | Reached XP level 1. HP: 19/19 MP: 0/0
   183 | D:1      | Reached XP level 2. HP: 27/27 MP: 1/1
   486 | D:2      | Noticed Jessica
   495 | D:2      | Killed Jessica
   495 | D:2      | Reached XP level 3. HP: 33/34 MP: 2/2
   506 | D:2      | Noticed Robin
   519 | D:2      | Killed Robin
   519 | D:2      | Reached XP level 4. HP: 34/41 MP: 3/3
   522 | D:2      | Reached skill level 5 in Fighting
   587 | D:2      | Reached skill level 5 in Axes
   668 | D:2      | Noticed Terence
   688 | D:2      | Killed Terence
   823 | D:2      | Found a faded altar of an unknown god.
   832 | D:2      | Noticed Sigmund
   844 | D:2      | Slain by Sigmund

Skill      XL: |  1  2  3  4 |
---------------+-------------+-----
Axes           | 4 5 |  5.2
Fighting       | 4 5 |  5.2
Dodging        | |  3.2
Stealth        | |  1.5

Action                   |  1- 3 |  4- 6 || total
-------------------------+-------+-------++-------
Melee: Hand axe          |    50 |    57 ||   107
       Headbutt          |     7 |    11 ||    18
  Use: Scroll            |     6 |     1 ||     7
Armor: Ring mail         |    15 |    12 ||    27
       Robe              |     3 |       ||     3
Dodge: Dodged            |    42 |    26 ||    68
